Map: Oblivion Express

Players

Hunter

  • Race: Protoss Protoss
  • League: Diamond
  • Spawn Location: 12:00

Rhyme

  • Race: Terran Terran
  • League: Diamond
  • Spawn Location: 0:00

VOD

https://youtu.be/g4y94Jmar9Y

Description

Alarak has some of the most powerful units in the game, Ascendants. When fully powered up they can clear entire attack waves with ease. Just spam orb and watch the enemy disapear. This combined with a really powerful Hero and you can take on anything. The hardest part about Alarak is his mobility, his entire army is very slow. You need to know attack waves and the map to get the most out of Alarak. The second thing that Ascendants suffer from is lack of DPS against buildings so if you are up against anything objective that require buildings to be destroyed think about adding Wrath walkers.

Time

  • Played on: July 11, 2018, 4:57 p.m.
  • Length: 23:42
Show
View Real Time Build Order
Export as new Build Order

Hunter Protoss 

Build Orders:  

Get SALT Encoding   

  12  0:02  Probe (Chrono Boost)  
  13  0:16  Probe (Chrono Boost)  
  14  0:32  Probe (Chrono Boost)  
  14  0:35  Pylon  
  15  0:59  Probe (Chrono Boost)  
  15  1:01  Gateway  
  16  1:13  Probe (Chrono Boost)  
  17  1:27  Probe (Chrono Boost)  
  18  1:41  Probe (Chrono Boost)  
  19  1:54  Nexus  
  19  2:03  Probe (Chrono Boost)  
  19  2:04  Assimilator  
  20  2:11  Assimilator  
  20  2:17  Probe (Chrono Boost)  
  21  2:25  Pylon  
  21  2:31  Probe (Chrono Boost)  
  22  2:44  Probe (Chrono Boost)  
  23  2:51  Cybernetics Core  
  23  2:58  Probe (Chrono Boost)  
  24  3:12  Probe (Chrono Boost)  
  25  3:26  Probe (Chrono Boost)  
  26  3:34  Probe (Chrono Boost)  
  26  3:39  Warp Gate  
  27  3:41  Probe (Chrono Boost)  
  27  3:45  Death Council  
  27  3:48  Probe (Chrono Boost)  
  29  3:59  Probe (Chrono Boost)  
  30  4:02  Probe (Chrono Boost)  
  30  4:03  Assimilator  
  31  4:15  Assimilator  
  31  4:16  Probe x2 (Chrono Boost)  
  33  4:32  Probe (Chrono Boost)  
  33  4:33  Probe (Chrono Boost)  
  33  4:38  Ascendant Archives  
  35  4:46  Probe (Chrono Boost)  
  30  4:50  Probe (Chrono Boost)  
  37  5:00  Probe (Chrono Boost)  
  37  5:05  Probe (Chrono Boost)  
  37  5:09  Pylon  
  39  5:14  Probe (Chrono Boost)  
  39  5:19  Probe (Chrono Boost)  
  41  5:28  Probe (Chrono Boost)  
  42  5:33  Probe (Chrono Boost)  
  42  5:35  Power Overwhelming  
  43  5:42  Probe (Chrono Boost)  
  43  5:46  Probe (Chrono Boost)  
  45  5:52  Pylon  
  45  5:55  Pylon  
  45  5:56  Probe (Chrono Boost)  
  46  6:02  Ascendant, Probe (Chrono Boost)  
  46  6:09  Probe (Chrono Boost), Pylon  
  50  6:32  Gateway x2  
  50  6:34  Chaotic Attunement  
  50  6:38  Gateway x2, Probe (Chrono Boost)  
  50  6:39  Probe (Chrono Boost)  
  52  6:48  Cloaking Module  
  52  7:08  Gateway x2  
  52  7:12  Gateway  
  52  7:14  Forge  
  52  7:35  Ascendant  
  54  7:51  Telekinesis  
  54  7:53  Mind Blast  
  54  8:03  Pylon  
  54  8:10  Supplicant x8  
  54  8:13  Pylon  
  54  8:18  Pylon  
  70  8:41  Ascendant x2  
  70  8:42  Ascendant x4  
  80  9:04  Supplicant x4, Imposing Presence  
  88  9:10  Mothership  
  88  9:14  Soul Augmentation  
  78  9:47  Pylon  
  78  9:53  Supplicant x6  
  78  9:54  Supplicant x2  
  78  9:57  Pylon  
  78  9:59  Pylon  
  88  10:00  Pylon  
  88  10:02  Pylon  
  88  10:04  Ascendant x3  
  94  10:12  Protoss Ground Weapons Level 1  
  94  10:28  Supplicant x4  
  94  10:29  Supplicant x4  
  110  10:33  Blood Shields  
  110  10:55  Supplicant x6  
  122  11:02  Ascendant  
  122  11:07  Supplicant x2  
  114  11:31  Supplicant x4  
  114  11:32  Supplicant x2  
  120  12:03  Supplicant x8  
  128  12:36  Supplicant x6  
  120  13:27  Pylon  
  120  13:29  Pylon  
  120  13:30  Pylon  
  120  13:31  Pylon  
  120  13:34  Pylon  
  120  13:36  Pylon  
  120  13:37  Pylon  
  120  13:39  Pylon  
  120  13:44  Protoss Ground Weapons Level 2  
  110  14:03  Havoc x3  
  97  14:23  Supplicant x6  
  97  14:24  Supplicant x4  
  115  14:45  Ascendant x2  
  115  14:46  Ascendant x2  
  117  15:05  Mothership  
  111  15:18  Supplicant x4  
  111  15:19  Supplicant x4  
  117  15:27  Ascendant  
  119  16:05  Supplicant x6  
  119  16:06  Supplicant x6  
  132  16:42  Supplicant x6, Pylon  
  132  16:44  Pylon  
  132  16:47  Pylon  
  142  16:50  Pylon  
  142  16:55  Pylon  
  140  17:00  Pylon  
  136  17:26  Protoss Ground Weapons Level 3  
  118  17:32  Supplicant x6  
  118  17:33  Supplicant x8  
  118  17:34  Supplicant x2  
  136  18:01  Supplicant x8  
  136  18:02  Supplicant x6  
  164  18:26  Supplicant x2  
  164  18:27  Supplicant x4  
  168  18:50  Ascendant x6  
  172  19:29  Supplicant x4  
  168  19:30  Supplicant x2  
  172  19:44  Havoc  
  172  19:45  Havoc x2  
  175  20:09  Mothership  
  153  20:40  Supplicant x2  
  153  20:41  Supplicant x14  
  167  21:24  Supplicant x2  
  167  21:25  Supplicant x4  
  167  21:26  Supplicant x4  
  165  21:53  Supplicant x2  
  165  21:54  Supplicant x6  
  143  22:48  Supplicant x8  
  143  22:49  Supplicant x8  
Show
View Real Time Build Order
Export as new Build Order

Rhyme Terran 

Build Orders:  

Get SALT Encoding   

  12  0:03  SCV  
  13  0:20  SCV  
  14  0:32  Barracks  
  14  0:37  SCV  
  15  0:52  Supply Depot  
  15  0:55  SCV  
  16  1:07  Marine  
  16  1:17  Orbital Command  
  17  1:52  SCV  
  17  1:56  Refinery  
  18  2:12  SCV  
  18  2:14  Command Center  
  19  2:29  SCV  
  20  2:46  SCV  
  21  2:56  Barracks Reactor  
  21  3:03  SCV  
  21  3:07  Command Center  
  22  3:22  SCV  
  23  3:44  Command Center  
  23  3:54  SCV  
  24  4:10  Orbital Command  
  24  4:12  SCV  
  24  4:13  Marine x2  
  27  4:29  SCV  
  28  4:31  Marine  
  28  4:32  Marine  
  30  4:43  Barracks  
  30  4:46  SCV  
  30  4:47  Orbital Command  
  30  4:48  SCV  
  32  4:56  Refinery  
  32  5:04  Factory  
  32  5:27  Combat Shields  
  32  5:33  Marine  
  32  5:34  Marine  
  32  5:39  Barracks Tech Lab  
  33  5:44  Marine  
  34  5:58  Marine x2  
  34  6:04  Orbital Command  
  34  6:05  SCV x3  
  39  6:12  Marine x2, Medic, Command Center  
  43  6:22  Marine  
  44  6:35  Medic  
  44  6:36  Marine x2  
  48  6:46  SCV x4, Marine x2  
  54  7:03  SCV x3  
  57  7:10  Marine x2, Medic  
  57  7:13  Barracks  
  61  7:20  Marine x3  
  61  7:26  Barracks  
  61  7:27  Starport  
  64  7:34  Marine, Medic  
  64  7:35  Marine  
  68  7:41  Stabilizer Medpacks  
  68  7:48  Barracks Reactor  
  68  7:49  Marine  
  68  7:52  Factory Tech Lab  
  68  7:54  Orbital Command  
  69  8:01  SCV x4  
  69  8:08  Marine x3  
  69  8:09  Barracks Reactor  
  73  8:18  Marine  
  73  8:19  Marauder  
  79  8:30  Factory Tech Lab  
  79  8:39  SCV  
  80  8:40  SCV  
  80  8:41  Concussive Shells  
  80  8:44  Marine  
  80  8:45  Marine  
  80  8:48  Engineering Bay  
  83  8:50  Engineering Bay  
  83  9:11  Supply Depot  
  83  9:12  Marine x7  
  83  9:13  Supply Depot  
  83  9:14  Supply Depot  
  90  9:22  Marine x4  
  90  9:29  Fusion Core, Starport  
  94  9:36  Refinery  
  94  9:40  Refinery  
  94  9:42  SCV x3  
  94  9:43  SCV x2  
  94  9:44  Marine x3  
  94  9:45  Marine x4  
  106  9:53  Terran Infantry Weapons Level 1  
  106  9:54  Marine x3, Supply Depot  
  106  9:56  Marine  
  106  9:57  Marine x3  
  111  10:04  Marine x2  
  115  10:15  Terran Infantry Armor Level 1  
  115  10:24  Marine x7, Supply Depot  
  115  10:25  Supply Depot  
  115  10:28  Supply Depot  
  122  10:31  Supply Depot  
  122  10:34  Marine x2  
  124  10:45  SCV x2  
  124  10:46  SCV  
  127  10:56  Marine x3, Marauder  
  127  10:59  Battlecruiser  
  132  11:00  Marine  
  132  11:01  Marine x2  
  132  11:06  Marine x2  
  132  11:07  Marine  
  132  11:08  Marine  
  144  11:13  Barracks  
  145  11:21  Barracks  
  145  11:36  Marine x2  
  147  11:47  Marine  
  147  11:50  Marine x4, Supply Depot  
  147  11:51  Supply Depot  
  147  11:53  Supply Depot  
  147  11:56  Supply Depot  
  147  11:58  Barracks Tech Lab, Supply Depot  
  151  12:01  Marauder  
  151  12:04  Battlecruiser  
  159  12:10  Marine x4  
  159  12:11  Marine x2  
  159  12:13  Medic  
  167  12:20  Marine x2  
  167  12:34  Barracks Reactor  
  167  12:35  Battlecruiser  
  169  12:57  Marauder x2  
  173  13:00  Marine, Battlecruiser  
  173  13:01  Marine x4  
  173  13:02  Marine  
  173  13:09  Marine x2  
  182  13:11  Marine x2  
  162  13:29  Weapon Refit  
  147  13:39  Marine  
  142  13:40  Marine x7, Armory  
  142  13:41  Marine x2  
  84  13:50  Marine x4  
  152  13:51  Marine, Medic  
  159  14:18  Medic  
  159  14:19  Marine, Medic  
  159  14:20  Marine x7  
  159  14:28  Medic  
  159  14:29  Medic  
  171  14:30  Marine x4  
  171  14:31  Marine x4  
  171  14:38  Medic  
  171  14:39  Marine  
  181  14:40  Marine  
  181  14:41  Marine x2  
  181  14:48  Marine x2  
  187  14:51  Marine x2, Battlecruiser, Supply Depot  
  187  14:53  Supply Depot  
  187  14:55  Supply Depot  
  178  15:10  Medic  
  178  15:11  Marine x2, Medic  
  178  15:12  Marine x4  
  178  15:16  Marine  
  178  15:17  Marine  
  189  15:21  Marine x3  
  189  15:22  Marine x4, Terran Infantry Weapons Level 2  
  197  15:33  Medic  
  199  15:51  Terran Infantry Armor Level 2  
  199  15:52  Marine  
  196  16:28  Marine, Medic  
  196  16:29  Marine  
  102  16:50  Medic  
  198  16:56  Terran Vehicle and Ship Weapons Level 1  
  192  17:15  Marine x3  
  192  17:16  Marine x4  
  193  17:24  Battlecruiser  
  189  17:42  Marine x4, Medic  
  189  17:43  Marine x5  
  196  17:59  Marine  
  196  18:00  Marine x3  
  198  18:22  Medic  
  199  19:37  Marine  
  199  19:41  Terran Infantry Weapons Level 3, Terran Infantry Armor Level 3  
  199  19:42  Terran Vehicle and Ship Weapons Level 2  
  183  20:24  Marauder x2  
  187  20:30  Battlecruiser x2  
  187  20:31  Marine  
  199  21:27  Medic  
  197  22:23  Marine, Marauder  
  195  22:46  Marine x4  
  195  22:47  Marine  
Tags
 
Add a new tag
Caveats
  • Supply blocks, unpowered buildings, or Contaminate may cause inaccurate times.
  • Supply counts are checked every 10 seconds.